 Dungeon Crawl Stone Soup version 0.25.1-8-g42b30a86e7 (webtiles) character file.

Game seed: 10323135170572433997

425 H0rd4k the Magician (level 6, 0/32 HPs)
             Began as a Deep Elf Wizard on Dec 18, 2020.
             Slain by a scorpion zombie (8 damage)
             ... in an ossuary on Dec 21, 2020.
             The game lasted 00:08:47 (3395 turns).

H0rd4k the Magician (Deep Elf Wizard)               Turns: 3395, Time: 00:08:48

Health: 0/32       AC:  3    Str:  4    XL:     6   Next: 64%
Magic:  1/18       EV: 13    Int: 25    God:
Gold:   86         SH:  0    Dex: 13    Spells: 10/19 levels left

rFire    . . .     SeeInvis .   (no weapon)
rCold    . . .     Gourm    .   (no shield)
rNeg     . . .     Faith    .   a - +0 robe
rPois    .         Spirit   .   b - +1 hat
rElec    .         Reflect  .   (no cloak)
rCorr    .         Harm     .   (no gloves)
MR       .....                  (no boots)
Stlth    ++........             (no amulet)
HPRegen  0.10/turn              (no ring)
MPRegen  0.16/turn              (no ring)

@: no status effects
A: no striking features
a: no special abilities


You were in an ossuary.
You were not hungry.

You visited 1 branch of the dungeon, and saw 4 of its levels.
You also visited: Ossuary.

You collected 86 gold pieces.

Inventory:

Hand Weapons
 p - the +1 hand axe "Beetleslayer" {vorpal, rPois rC+ Int-2 Dex+3}
   (You found it on level 4 of the Dungeon)

   It inflicts extra damage upon your enemies.
   It affects your intelligence (-2).
   It affects your dexterity (+3).
   It protects you from cold.
   It protects you from poison.
Missiles
 h - 13 poisoned darts
 l - 6 curare-tipped darts (quivered)
Armour
 a - a +0 robe (worn)
 b - a +1 hat (worn)
Jewellery
 i - a +6 ring of intelligence
 n - an uncursed ring of stealth {unknown}
Wands
 m - a wand of iceblast (4)
 q - a wand of enslavement (8)
Scrolls
 c - 2 scrolls of teleportation
 e - a scroll of remove curse
 f - 2 scrolls of identify
 g - a scroll of blinking
 r - a scroll of random uselessness {unknown}
Potions
 j - a potion of haste
 k - 2 potions of curing {unknown}
Comestibles
 d - 2 rations


   Skills:
 + Level 3.1 Dodging
 + Level 3.1 Stealth
 + Level 7.2 Spellcasting
 + Level 3.7 Conjurations
   Level 1.1 Summonings
 + Level 1.3 Translocations
 + Level 1.2 Fire Magic
 + Level 1.3 Air Magic
 * Level 2.4 Poison Magic


You had 10 spell levels left.
You knew the following spells:

 Your Spells              Type           Power        Failure   Level  Hunger
a - Magic Dart            Conj           ####         1%          1    None
b - Blink                 Tloc           N/A          6%          2    None
c - Conjure Flame         Conj/Fire      ###.....     7%          3    None
d - Mephitic Cloud        Conj/Pois/Air  ###.....     7%          3    None

Your spell library contained the following spells:

 Spells                   Type           Power        Failure   Level  Hunger
 Call Imp                 Summ           ##......     6%          2    None
 Slow                     Hex            #.......     10%         2    None


Dungeon Overview and Level Annotations

Branches:
Dungeon (4/15)            Ossuary (1/1)
 Temple: D:4-7

Altars:
Dithmenos
Elyvilon
Fedhas
Makhleb
Wu Jian

Annotations:
D:2 Terence
D:4 exclusion: upstairs


Message History

The magic dart hits the scorpion zombie!
The scorpion zombie is heavily damaged.
The scorpion zombie hits you.
* * * LOW HITPOINT WARNING * * *
Casting: Magic Dart (safe; 1% risk of failure)
Confirm with . or Enter, or press ? or * to list all spells.
Aiming: Magic Dart (safe; 1% risk of failure)
Press: ? - help, Shift-Dir - straight line, f/p - scorpion zombie
Aim: a scorpion zombie (heavily damaged)
The magic dart hits the scorpion zombie.
The scorpion zombie is severely damaged.
Casting: Magic Dart (safe; 1% risk of failure)
Confirm with . or Enter, or press ? or * to list all spells.
Aiming: Magic Dart (safe; 1% risk of failure)
Press: ? - help, Shift-Dir - straight line, f/p - scorpion zombie
Aim: a scorpion zombie (severely damaged)
The magic dart hits the scorpion zombie.
The scorpion zombie is severely damaged.
The scorpion zombie hits you!
You die...

#.......#^^^#!..#
#...8...'^^^#.."+
#...#...#^^^#M..#
##########'#######+#
#.....#.....
#.....#.....
#.....8.....
#..Z........
#.@.........
###8.....8##
...........
#...........
#.....8.....
+.....#.....
#.....#.....
############


You could see a scorpion zombie.

Vanquished Creatures
  A scorpion (Ossuary)
  4 centaur zombies (Ossuary)
  A human zombie (Ossuary)
  A bullfrog skeleton (D:4)
  2 gnolls (D:3)
  A howler monkey skeleton (D:4)
  8 adders
  A scorpion zombie (Ossuary)
  An ooze (D:2)
  2 dart slugs
  3 leopard geckos
  4 orcs (D:4)
  A giant cockroach (D:4)
  6 goblins
  8 hobgoblins
  2 kobolds (D:1)
  2 quokkas
  9 bats
  5 frilled lizards
  A goblin zombie (Ossuary)
  An orc zombie (Ossuary)
  7 rats
71 creatures vanquished.

Vanquished Creatures (others)
  A scorpion (Ossuary)
1 creature vanquished.

Grand Total: 72 creatures vanquished

Notes
Turn   | Place    | Note
-------+----------+-------------------------------------------
     0 | D:1      | H0rd4k the Deep Elf Wizard began the quest for the Orb.
     0 | D:1      | Reached XP level 1. HP: 10/10 MP: 7/7
   275 | D:1      | Reached skill level 5 in Spellcasting
   275 | D:1      | Reached XP level 2. HP: 15/15 MP: 5/10
  1076 | D:2      | Reached XP level 3. HP: 19/19 MP: 7/12
  1084 | D:2      | Learned a level 2 spell: Blink
  1088 | D:2      | Learned a level 3 spell: Conjure Flame
  1092 | D:2      | Learned a level 3 spell: Mephitic Cloud
  1411 | D:2      | Found a blossoming altar of Fedhas.
  1452 | D:2      | Noticed Terence
  1673 | D:3      | Found a white marble altar of Elyvilon.
  1683 | D:3      | Reached skill level 1 in Fire Magic
  1683 | D:3      | Reached XP level 4. HP: 22/24 MP: 4/13
  1705 | D:3      | Reached skill level 6 in Spellcasting
  1800 | D:2      | Found a burning altar of Makhleb.
  1800 | D:2      | Noticed a cacodemon
  1931 | D:3      | Reached skill level 1 in Air Magic
  1998 | D:3      | Found an ornate altar of the Wu Jian Council.
  2249 | D:3      | Reached XP level 5. HP: 28/28 MP: 12/15
  2534 | D:4      | Reached skill level 1 in Poison Magic
  2589 | D:4      | Got an ichor-stained hand axe
  2600 | D:4      | Identified the +1 hand axe "Beetleslayer" {vorpal, rPois
                  | rC+ Int-2 Dex+3} (You found it on level 4 of the Dungeon)
  2675 | D:4      | Found a blossoming altar of Fedhas.
  2737 | D:4      | Noticed a phantom
  2740 | D:4      | Found a shadowy altar of Dithmenos.
  2777 | D:4      | Found a sand-covered staircase.
  2785 | Ossuary  | Entered an ossuary
  2807 | Ossuary  | Reached XP level 6. HP: 27/32 MP: 7/17
  3107 | Ossuary  | Reached skill level 7 in Spellcasting
  3395 | Ossuary  | Slain by a scorpion zombie

Illustrated notes

Levels and vault maps discovered:
D:1:      minmay_arrival_arboretum_large, layout_rooms, roderic_roman_lattice,
          minivault_27, chequers_serial_rivers_micro_b, minmay_tetromino_i4
D:2:      layout_basic, makhleb_altar_promises_db, fedhas_ov_isle_minmay,
          uniq_terence
D:3:      layout_loops_ring, lemuel_round_altar, elyvilon_altar_5, first_ration
D:4:      old_forge, layout_basic, kennysheep_mini,
          nicolae_dithmenos_through_a_glass_darkly,
          lightli_ossuary_entry_decrepit_ruins
Ossuary:  ossuary_minmay_scorpions

Skill      XL: |  1  2  3  4  5  6 |
---------------+-------------------+-----
Spellcasting   | 5 6 7 |  7.2
Fire Magic     | 1 |  1.2
Conjurations   | 2 3 |  3.7
Air Magic      | 1 |  1.3
Poison Magic   | 1 2 |  2.4
Stealth        | 3 |  3.1
Dodging        | 3 |  3.1
Summonings     | |  1.1
Translocations | |  1.3

Action                   |  1- 3 |  4- 6 || total
-------------------------+-------+-------++-------
Melee: Unarmed           |     1 |       ||     1
 Cast: Magic Dart        |   107 |   104 ||   211
       Conjure Flame     |       |     9 ||     9
       Mephitic Cloud    |       |     1 ||     1
       Blink             |       |     1 ||     1
  Use: Scroll            |     5 |       ||     5
       Potion            |       |     1 ||     1
  Eat: Chunk             |     2 |     4 ||     6
       Ration            |       |     1 ||     1
Armor: Robe              |     5 |     6 ||    11
Dodge: Dodged            |    25 |    22 ||    47
